 Dungeon Crawl Stone Soup version 0.21-a0-274-gc1afaeb (webtiles) character file.

13727 mhoghedin the Fighter (level 11, -3/94 HPs)
             Began as a Green Draconian Wizard on Sept 18, 2017.
             Was a High Priest of Sif Muna.
             Slain by a polar bear (12 damage)
             ... on level 2 of the Lair of Beasts.
             The game lasted 00:47:20 (15298 turns).

mhoghedin the Fighter (Green Draconian Wizard)     Turns: 15298, Time: 00:47:20

Health: -3/94      AC: 11    Str:  9    XL:     11   Next: 79%
Magic:  0/22       EV: 14    Int: 22    God:    Sif Muna [*****.]
Gold:   329        SH:  0    Dex: 10    Spells: 0/25 levels left

rFire    . . .     SeeInvis .   b - staff of cold {rC+}
rCold    + . .     Gourm    .   (no shield)
rNeg     . . .     Faith    +   (armour unavailable)
rPois    +         Spirit   .   k - +0 hat
rElec    .         Reflect  .   K - +0 cloak
rCorr    .         Harm     .   (no gloves)
MR       .....                  F - +2 pair of boots {Fly}
Stlth    ++........             m - amulet of faith {Faith, !P}
HPRegen  0.25/turn              z - ring of wizardry {Wiz+, !d}
MPRegen  0.18/turn              v - ring of wizardry {Wiz+, !d}

@: flying, no casting
A: breathe noxious fumes, unfitting armour, poison resistance, cold-blooded, AC
+7
a: Breathe Noxious Fumes, Stop Divine Energy, Channel Magic, Forget Spell,
Renounce Religion, Stop Flying


You were on level 2 of the Lair of Beasts.
You worshipped Sif Muna.
Sif Muna was extremely pleased with you.
You were near starving.

You visited 3 branches of the dungeon, and saw 14 of its levels.

You collected 849 gold pieces.
You spent 520 gold pieces at shops.

Inventory:

Hand Weapons
 a - a +2 short sword of draining
   (You took it off a kobold on level 2 of the Dungeon)
 G - a +1 dagger of holy wrath
   (You took it off an orc wizard on level 7 of the Dungeon)
Missiles
 o - 8 tomahawks of dispersal {=f}
 r - 2 throwing nets {=f, !d}
 N - 9 curare-tipped needles
Armour
 k - a +0 hat (worn)
 F - a +2 pair of boots of flying (worn)
   (You found it on level 8 of the Dungeon)
 K - a +0 cloak (worn)
   (You found it on level 11 of the Dungeon)
Magical Staves
 b - an uncursed staff of cold (weapon) {rC+}
   (You found it on level 9 of the Dungeon)
Jewellery
 m - an amulet of faith (around neck) {Faith, !P}
   (You bought it in a shop on level 11 of the Dungeon)
 p - an uncursed ring of fire {rF+, rC-}
   (You found it on level 2 of the Dungeon)
 v - a ring of wizardry (right hand) {Wiz+, !d}
   (You found it on level 3 of the Dungeon)
 z - a ring of wizardry (left hand) {Wiz+, !d}
   (You found it on level 4 of the Dungeon)
 D - an uncursed ring of protection from cold {rC+, !d}
   (You found it on level 6 of the Dungeon)
 M - an uncursed ring of magical power {unknown}
   (You found it on level 1 of the Lair of Beasts)
Wands
 q - a wand of flame (33/48)
   (You found it on level 7 of the Dungeon)
 w - a wand of paralysis (5/24)
   (You found it on level 4 of the Dungeon)
 H - a wand of clouds (6/9)
   (You found it on level 9 of the Dungeon)
Scrolls
 i - a scroll of magic mapping {!r}
 l - 2 scrolls of fear
 n - 10 scrolls of teleportation
 t - 4 scrolls of enchant weapon
 u - 8 scrolls of remove curse
 C - 2 scrolls of recharging
 P - a scroll of identify
Potions
 f - 4 potions of lignification {!q}
 h - 2 potions of flight
 j - a potion of heal wounds
 s - a potion of resistance
 x - 4 potions of curing
 A - a potion of cancellation
 B - a potion of degeneration {!q}
 E - 2 potions of brilliance
 I - a potion of might
 J - a potion of mutation {unknown}
Books
 e - a book of Minor Magic
 y - a book of Callings
   (You found it on level 4 of the Dungeon)
 L - a book of the Sky
   (You found it on level 1 of the Lair of Beasts)
 O - a book of Misfortune
   (Sif Muna gifted it to you on level 1 of the Lair of Beasts)
Comestibles
 c - 9 bread rations {@e1}
 d - 3 meat rations {@e2}
 g - 4 fruits


   Skills:
 - Level 8.0 Fighting
 - Level 3.5 Short Blades
 - Level 4.8 Staves
 - Level 5.3 Dodging
 - Level 1.7 Stealth
 - Level 7.8 Spellcasting
 - Level 3.7 Conjurations
 + Level 3.0 Charms
 - Level 6.0 Summonings
 - Level 3.0 Translocations
 - Level 6.0 Ice Magic
 + Level 5.7 Air Magic
 - Level 4.2 Poison Magic
 - Level 5.0 Evocations


You couldn't memorise any spells.
You knew the following spells:

 Your Spells              Type           Power        Failure   Level  Hunger
a - Magic Dart            Conj           ###.         1%          1    None
b - Blink                 Tloc           N/A          1%          2    None
c - Call Imp              Summ           #####...     1%          2    None
d - Conjure Flame         Conj/Fire      ###.....     3%          3    None
e - Summon Ice Beast      Ice/Summ       ######..     1%          4    ###....
f - Summon Lightning Spi  Summ/Air       ####....     1%          4    ###....
g - Deflect Missiles      Chrm/Air       ####......   41%         6    ######.
x - Mephitic Cloud        Conj/Pois/Air  ####....     1%          3    None


Dungeon Overview and Level Annotations

Branches:
Dungeon (11/15)            Temple (1/1) D:5            Lair (2/6) D:11
    Orc (0/2) D:10
  Swamp: Lair:2-4    Shoals: Lair:2-4     Snake: Lair:2-4    Spider: Lair:2-4

Altars:
Ashenzari
Cheibriados
Dithmenos
Elyvilon
Fedhas
Gozag
Hepliaklqana
Kikubaaqudgha
Makhleb
Nemelex Xobeh
Okawaru
Qazlal
Ru
Sif Muna
Trog
Uskayaw
Vehumet
Wu Jian
Xom
Yredelemnul
Zin
The Shining One

Shops:
D:8 ?   D:11 =

Annotations:
D:8 exclusion: ice statue
Lair:2 p0werm0de's ghost, journeyman OpIE


Innate Abilities, Weirdness & Mutations

You can breathe blasts of noxious fumes.
Your lurid green scales are hard. (AC +7)
You cannot fit into any form of body armour.
Your system is resistant to poisons. (rPois)
You are cold-blooded and may be slowed by cold attacks.


Message History

Your ice beast hits the komodo dragon but does no damage.
Your ice beast barely misses the polar bear.
The polar bear bites your ice beast!! The polar bear claws your ice beast.
The polar bear closely misses your ice beast.
The komodo dragon is no longer moving slowly.
Your ice beast hits the komodo dragon.
Your ice beast freezes the komodo dragon!!
The komodo dragon seems to slow down.
The komodo dragon dies!
Sif Muna accepts your kill.
Your ice beast barely misses the polar bear.
The polar bear completely misses your ice beast.
The polar bear closely misses your ice beast.
The polar bear claws your ice beast but does no damage.
Your ice beast hits the polar bear but does no damage.
The polar bear bites your ice beast! The polar bear claws your ice beast.
The polar bear claws your ice beast but does no damage.
A porcupine comes into view.
Your ice beast hits the polar bear but does no damage.
The polar bear misses your ice beast.
The polar bear barely misses your ice beast.
The polar bear claws your ice beast.
Your ice beast dies!
Your ice beast hits the polar bear but does no damage.
Your ice beast hits the polar bear but does no damage.
Okay, then.
Unknown command.
Aim: a porcupine The ball explodes into a vile cloud!
The stinking cloud engulfs the porcupine.
The porcupine is engulfed in noxious fumes.
The polar bear bites you!
* * * LOW HITPOINT WARNING * * *
The polar bear claws you but does no damage.
The polar bear misses you.
Your ice beast hits the polar bear.
Your ice beast freezes the polar bear!
The polar bear resists.
Unknown command.
You take 15 damage, and have 19/94 hp.
You now have 5/22 mp.
Unknown command.
Unknown command.
Aim: a porcupine (noxious fumes, lightly wounded)
The ball explodes into a vile cloud!
The stinking cloud engulfs the polar bear.
The stinking cloud engulfs your ice beast.
Your ice beast appears unharmed.
The stinking cloud engulfs you!
You hear a croak.
You hear an angry hiss.
You hear a bellow!
The porcupine is engulfed in noxious fumes.
The porcupine appears confused.
The polar bear is engulfed in noxious fumes.
The polar bear appears confused.
Your ice beast hits the polar bear but does no damage.
You now have 2/22 mp.
You are too injured to fight recklessly!
You are too injured to fight recklessly!
You are too injured to fight recklessly!
You completely miss the polar bear.
The porcupine is engulfed in noxious fumes.
The porcupine appears confused.
The polar bear is engulfed in noxious fumes.
Your ice beast hits the polar bear but does no damage.
A bullfrog comes into view.
You are struck by the porcupine's spines.
* * * LOW HITPOINT WARNING * * *
You hit the porcupine. You freeze the porcupine!
The porcupine is engulfed in noxious fumes.
The porcupine appears confused.
The porcupine barely misses the polar bear.
You take 11 damage, and have 8/94 hp.
You hit the porcupine.
You kill the porcupine!
Sif Muna accepts your kill.
Your Charms skill increases to level 3!
Your ice beast hits the polar bear but does no damage.
The polar bear is engulfed in noxious fumes.
The polar bear appears confused.
Unknown command.
Unknown command.
You hit the polar bear but do no damage.
Your ice beast hits the polar bear but does no damage.
The polar bear is engulfed in noxious fumes.
The polar bear appears confused.
The bullfrog is engulfed in noxious fumes.
The bullfrog appears confused.
You barely miss the polar bear.
The bullfrog is engulfed in noxious fumes.
The bullfrog appears confused.
The polar bear is engulfed in noxious fumes.
You feel a surge of power! A chill wind blows around you.
Sif Muna grants you divine energy.
You briefly lose access to your magic!
Your ice beast hits the polar bear.
Your ice beast freezes the polar bear!
The polar bear resists.
The polar bear is engulfed in noxious fumes.
The polar bear appears confused.
The polar bear barely misses you. The polar bear closely misses you.
The polar bear claws you but does no damage.
You now have 0/22 mp.
Your ice beast hits the polar bear but does no damage.
The polar bear bites you!
You die...

....#.............#
#..#....#.)......†...#
#..##...#...........§#
P#......F...........≈§###
....................§§§§#
...........†.....<..§§#≈
.....................≈##≈
........Y§..........§.#
##
........Y@§...........#
.....P..h.#%#.....##..#
...........##..#### ..#
....#......##.## ... ?..
#......##.# ... ..
#......##.# ?
.P.....[##.. ........##
.......##


You could see a polar bear (confused), a bullfrog (confused) and 2 friendly ice
beasts.

Vanquished Creatures
  An elephant (Lair:1)
  2 hippogriffs
  Sigmund (D:2)
  A shadow (D:11)
  2 porcupines
  3 ice beasts
  An orc warrior (D:7)
  2 black bears
  A phantom (D:4)
  A sky beast (D:7)
  3 wolves
  3 ogres
  3 centaurs
  2 crocodiles (Lair:1)
  6 bullfrogs
  A big kobold (D:8)
  4 scorpions
  3 howler monkeys
  2 crimson imps
  A quasit (D:10)
  3 orc priests
  A bullfrog skeleton (D:8)
  2 hounds (D:5)
  A centaur skeleton (D:8)
  4 iguanas
  5 orc wizards
  Terence (D:2)
  8 worker ants
  2 worker ant zombies
  4 gnolls
  2 howler monkey skeletons
  9 adders
  An adder skeleton (D:4)
  2 adder zombies
  A worm (D:2)
  6 dart slugs
  4 leopard geckos
  23 orcs
  2 ball pythons
  3 giant cockroaches
  6 hobgoblins
  2 jackals (D:2)
  10 kobolds
  5 quokkas
  A ball python skeleton (D:4)
  5 bats
  2 frilled lizards (D:2)
  9 goblins
  A quokka skeleton (D:7)
  4 rats
172 creatures vanquished.

Vanquished Creatures (collateral kills)
  Snorg (D:10)
  2 hydras
  Harold (D:11)
  3 two-headed ogres
  Sonja (Lair:1)
  Pikel (D:7)
  2 oklob plants (D:11)
  A manticore (D:11)
  2 elephants (Lair:1)
  2 centaur zombies (D:10)
  A black mamba (Lair:1)
  A centaur skeleton (D:10)
  2 spiny frogs
  3 komodo dragons
  2 ice devils (D:8)
  3 hippogriffs
  13 yaks
  Grum (D:9)
  A hungry ghost (D:10)
  4 water moccasins
  6 porcupines
  An ice beast (D:9)
  An orc warrior (D:10)
  A black bear (Lair:1)
  4 ogres
  2 wolves (Lair:2)
  A phantom (D:9)
  A necrophage (D:11)
  A centaur (D:7)
  2 crocodiles
  2 bullfrogs
  3 scorpions
  An electric eel (Lair:1)
  3 crimson imps
  A bullfrog zombie (D:10)
  A quasit (D:10)
  7 orc priests
  A hound (D:10)
  An iguana (D:9)
  An orc wizard (D:10)
  2 adders
  6 ufetubi (D:8)
  10 orcs
  5 hobgoblins
  A quokka (D:10)
  A plant (D:11)
113 creatures vanquished.

Vanquished Creatures (others)
  2 slaves (D:7)
  A centaur skeleton (D:7)
  An orc (D:7)
  A giant cockroach (D:7)
  5 fungi
  8 plants
18 creatures vanquished.

Grand Total: 303 creatures vanquished

Notes
Turn   | Place    | Note
-------+----------+-------------------------------------------
     0 | D:1      | mhoghedin the Draconian Wizard began the quest for the Orb.
     0 | D:1      | Reached XP level 1. HP: 14/14 MP: 4/4
   109 | D:1      | Reached skill level 1 in Fighting
   251 | D:1      | Reached XP level 2. HP: 22/24 MP: 6/6
   272 | D:1      | Reached skill level 2 in Fighting
   276 | D:1      | Learned a level 2 spell: Blink
   279 | D:1      | Learned a level 2 spell: Call Imp
   685 | D:2      | Reached skill level 3 in Fighting
   685 | D:2      | Reached XP level 3. HP: 22/31 MP: 7/7
   695 | D:2      | Learned a level 3 spell: Mephitic Cloud
   838 | D:2      | Noticed Sigmund
   838 | D:2      | Noticed Terence
   861 | D:2      | HP: 5/31 [Terence/flail (7)]
  1203 | D:2      | Found an ornate altar of the Wu Jian Council.
  1274 | D:2      | HP: 7/31 [poisoned by an adder]
  1278 | D:2      | HP: 3/31 [poisoned by an adder]
  1712 | D:2      | Killed Sigmund
  1712 | D:2      | Reached skill level 5 in Spellcasting
  1712 | D:2      | Reached XP level 4. HP: 19/38 MP: 9/11
  1712 | D:2      | Reached XP level 5. HP: 22/45 MP: 9/12
  1717 | D:2      | Learned a level 3 spell: Conjure Flame
  1931 | D:2      | Killed Terence
  1931 | D:2      | Reached skill level 1 in Short Blades
  2032 | D:2      | Found a glowing silver altar of Zin.
  2225 | D:2      | Reached XP level 6. HP: 32/51 MP: 13/13
  2237 | D:2      | HP: 10/51 [gnoll/spear (3)]
  2522 | D:3      | Found a faded altar of an unknown god.
  2634 | D:3      | Found a hazy altar of Hepliaklqana.
  2743 | D:3      | Reached skill level 2 in Short Blades
  3022 | D:4      | Found a blossoming altar of Fedhas.
  3372 | D:4      | Reached skill level 3 in Short Blades
  3664 | D:4      | Reached skill level 4 in Fighting
  3896 | D:4      | Found an iron altar of Okawaru.
  3987 | D:5      | Entered Level 5 of the Dungeon
  3998 | D:5      | Your scales start taking on a lurid green colour.
  3998 | D:5      | Reached XP level 7. HP: 57/59 MP: 14/14
  3998 | D:5      | Gained mutation: Your system is resistant to poisons. (rPois) [Green Draconian growth]
  4055 | D:5      | Reached skill level 5 in Fighting
  4333 | D:5      | Reached skill level 2 in Dodging
  4855 | D:5      | Reached skill level 6 in Fighting
  4928 | D:5      | Found a staircase to the Ecumenical Temple.
  4934 | Temple   | Entered the Ecumenical Temple
  5026 | Temple   | Became a worshipper of Sif Muna the Loreminder
  5032 | Temple   | Learned a level 4 spell: Summon Ice Beast
  5281 | D:5      | Reached skill level 1 in Ice Magic
  5494 | D:6      | Reached skill level 2 in Summonings
  5494 | D:6      | Reached XP level 8. HP: 70/70 MP: 3/15
  5496 | D:6      | Reached skill level 2 in Translocations
  5836 | D:6      | Reached skill level 2 in Ice Magic
  5893 | D:6      | Reached * piety under Sif Muna
  6068 | D:6      | Reached skill level 3 in Translocations
  6182 | D:6      | Reached skill level 3 in Summonings
  6293 | D:7      | Noticed Pikel
  6305 | D:7      | Killed Pikel
  6305 | D:7      | Reached skill level 2 in Conjurations
  6305 | D:7      | Reached skill level 2 in Air Magic
  6305 | D:7      | Reached skill level 2 in Poison Magic
  6366 | D:7      | Reached skill level 4 in Summonings
  6665 | D:7      | Reached ** piety under Sif Muna
  6668 | D:7      | Reached XP level 9. HP: 48/75 MP: 5/16
  6722 | D:7      | Reached skill level 3 in Ice Magic
  6927 | D:7      | Reached skill level 5 in Summonings
  7376 | D:7      | Reached skill level 4 in Ice Magic
  7643 | D:8      | Noticed an ice devil
  7646 | D:8      | Noticed an ice devil
  7649 | D:8      | Noticed an ice devil
  7657 | D:8      | Noticed an ice devil
  7662 | D:8      | Noticed an ice devil
  7682 | D:8      | Reached skill level 6 in Spellcasting
  7955 | D:8      | Learned a level 4 spell: Summon Lightning Spire
  7971 | D:8      | Noticed an ice devil
  8072 | D:8      | Killed an ice devil
  8083 | D:8      | Noticed an ice statue
  8112 | D:8      | Killed an ice devil
  8112 | D:8      | Reached skill level 6 in Summonings
  8112 | D:8      | Reached skill level 3 in Air Magic
  8216 | D:8      | Reached skill level 3 in Dodging
  8584 | D:8      | Found Ybaty's Magic Scroll Shoppe.
  9222 | D:9      | Reached skill level 1 in Evocations
  9255 | D:9      | Reached skill level 4 in Dodging
  9286 | D:9      | Noticed a two-headed ogre
  9295 | D:9      | Noticed Grum
  9297 | D:9      | Killed a two-headed ogre
  9297 | D:9      | Reached skill level 7 in Fighting
  9310 | D:9      | Killed Grum
  9310 | D:9      | Reached XP level 10. HP: 85/86 MP: 1/19
  9486 | D:9      | Found a sparkling altar of Nemelex Xobeh.
  9643 | D:9      | Noticed a two-headed ogre
  9666 | D:9      | Reached *** piety under Sif Muna
  9687 | D:9      | Killed a two-headed ogre
  9687 | D:9      | Reached skill level 5 in Dodging
  9975 | D:9      | Reached skill level 8 in Fighting
 10075 | D:10     | Entered Level 10 of the Dungeon
 10133 | D:10     | Reached skill level 1 in Staves
 10169 | D:10     | Reached skill level 2 in Evocations
 10332 | D:10     | Noticed a two-headed ogre
 10335 | D:10     | Noticed Snorg
 10431 | D:10     | Reached skill level 2 in Staves
 10584 | D:10     | HP: 16/88 [two-headed ogre/giant club (22)]
 10592 | D:10     | Killed a two-headed ogre
 10592 | D:10     | Reached skill level 5 in Ice Magic
 10592 | D:10     | Reached skill level 3 in Evocations
 10827 | D:10     | Killed Snorg
 10827 | D:10     | Reached skill level 3 in Staves
 10945 | D:10     | Reached skill level 4 in Evocations
 11180 | D:10     | Found a staircase to the Orcish Mines.
 11404 | D:11     | Found Lohipp's Jewellery Boutique.
 11419 | D:11     | Bought an uncursed amulet of faith for 520 gold pieces
 11436 | D:11     | Reached skill level 4 in Staves
 11526 | D:10     | Reached skill level 6 in Ice Magic
 11753 | D:11     | Noticed Harold
 11769 | D:11     | Killed Harold
 11769 | D:11     | Reached skill level 3 in Poison Magic
 11769 | D:11     | Reached XP level 11. HP: 74/94 MP: 2/20
 11903 | D:11     | Reached skill level 3 in Conjurations
 12052 | D:11     | Reached **** piety under Sif Muna
 12085 | D:11     | Noticed an oklob plant
 12089 | D:11     | Noticed an oklob plant
 12223 | D:11     | Reached skill level 4 in Air Magic
 12253 | D:11     | Reached skill level 4 in Poison Magic
 12591 | D:11     | Found a staircase to the Lair.
 12725 | D:11     | Killed an oklob plant
 12987 | D:11     | Killed an oklob plant
 13007 | Lair:1   | Entered Level 1 of the Lair of Beasts
 13090 | Lair:1   | Reached skill level 5 in Evocations
 13436 | Lair:1   | HP: 22/94 [black mamba (3)]
 13531 | Lair:1   | Noticed a seven-headed hydra
 13771 | Lair:1   | Reached skill level 7 in Spellcasting
 13800 | Lair:1   | Noticed Sonja
 13809 | Lair:1   | Killed Sonja
 13864 | Lair:1   | Killed a seven-headed hydra
 13864 | Lair:1   | Reached ***** piety under Sif Muna
 14165 | Lair:1   | Learned a level 6 spell: Deflect Missiles
 14241 | Lair:1   | Received a gift from Sif Muna
 14748 | Lair:1   | Reached skill level 1 in Charms
 15102 | Lair:2   | Reached skill level 5 in Air Magic
 15123 | Lair:2   | Noticed a seven-headed hydra
 15124 | Lair:2   | Reached skill level 2 in Charms
 15132 | Lair:2   | Noticed p0werm0de's ghost (journeyman OpIE)
 15132 | Lair:2   | Killed a seven-headed hydra
 15290 | Lair:2   | HP: 19/94 [polar bear (16)]
 15293 | Lair:2   | HP: 8/94 [porcupine's spines (11)]
 15294 | Lair:2   | Reached skill level 3 in Charms
 15298 | Lair:2   | Slain by a polar bear

Vault maps used:
D:1:      dpeg_arrival_renting
D:2:      marbit_many_paths, lemuel_crystal_altar, minivault_26,
          cheibrodos_gnoll_hut, uniq_sigmund, uniq_terence
D:3:      lemuel_crystal_altar, chequers_ecumenical_altar_twisty
D:4:      kennysheep_okawaru_gauntlet, first_bread, fedhas_altar_2
D:5:      minmay_temple_entry_hall
D:7:      uniq_pikel
D:8:      cheibrodos_frozen_isle, serial_shops, nicolae_shop_trees
D:9:      nicolae_overflow_crystal_walls, uniq_grum
D:10:     erik_orc_3, uniq_snorg
D:11:     dpeg_oklobed_lair, serial_shops, shop, uniq_harold
Temple:   eino_temple_scatter_basement
Lair:1:   serial_bayou_pond_b, uniq_sonja
Lair:2:   cheibrodos_lair_overgrown_chateau, st_stairs_6, lemuel_another_geyser

Skill      XL: |  1  2  3  4  5  6  7  8  9 10 11 |
---------------+----------------------------------+-----
Fighting       | 1 3 4 6 7 8 |  8.0
Spellcasting   | 5 6 7 |  7.8
Short Blades   | 1 3 |  3.5
Dodging        | 2 4 5 |  5.3
Ice Magic      | 1 2 4 6 |  6.0
Summonings     | 2 4 6 |  6.0
Translocations | 3 |  3.0
Conjurations   | 2 3 |  3.7
Air Magic      | 2 3 5 |  5.7
Poison Magic   | 2 3 4 |  4.2
Evocations     | 1 4 5 |  5.0
Staves         | 4 |  4.8
Charms         | 3 |  3.0
Stealth        | |  1.7

Action                   |  1- 3 |  4- 6 |  7- 9 | 10-12 || total
-------------------------+-------+-------+-------+-------++-------
Melee: Short sword       |   135 |   166 |   505 |    57 ||   863
       Tailslap          |    16 |    10 |    36 |    42 ||   104
       Staff             |       |       |       |   345 ||   345
       Dagger            |       |       |       |     1 ||     1
 Cast: Call Imp          |     3 |     3 |       |       ||     6
       Magic Dart        |     2 |     6 |    14 |    10 ||    32
       Mephitic Cloud    |     2 |       |     6 |    22 ||    30
       Summon Ice Beast  |       |       |    24 |    76 ||   100
       Conjure Flame     |       |       |     4 |       ||     4
       Blink             |       |       |     3 |    10 ||    13
       Summon Lightning  |       |       |     8 |     9 ||    17
Invok: Divine Energy     |       |       |     1 |       ||     1
 Abil: Breathe Noxious F |       |       |     4 |     3 ||     7
Evoke: Wand              |     3 |       |       |     1 ||     4
  Use: Potion            |     3 |       |       |       ||     3
       Scroll            |     1 |     4 |    13 |     2 ||    20
 Stab: Sleeping          |     4 |     1 |     2 |       ||     7
       Distracted        |       |     1 |     1 |     3 ||     5
       Confused          |       |       |     3 |     8 ||    11
       Paralysed         |       |       |       |     8 ||     8
  Eat: Chunk             |     1 |     7 |    13 |     9 ||    30
       Royal jelly       |     1 |       |     2 |       ||     3
       Meat ration       |       |       |     1 |     4 ||     5
Armor: Skin              |    40 |    61 |   159 |   159 ||   419
Dodge: Dodged            |    83 |   112 |   261 |   334 ||   790

Table legend:
 A = Spawn XP
 B = Non-spawn XP
 C = Spawn XP percentage of total XP
 D = Spawn monster count
 E = Non-spawn monster count
 F = Spawn count percentage of total count
 G = Total turns spent on level
                    A         B        C        D         E        F      G
               +---------+---------+-------+---------+---------+-------+---------
         Total |       0 |   19611 |   0.0 |       0 |     284 |   0.0 | 15298
               +---------+---------+-------+---------+---------+-------+---------
           D:1 |       0 |      35 |   0.0 |       0 |      15 |   0.0 |   959
           D:2 |       0 |     359 |   0.0 |       0 |      27 |   0.0 |  1543
           D:3 |       0 |      56 |   0.0 |       0 |      12 |   0.0 |   783
           D:4 |       0 |     259 |   0.0 |       0 |      15 |   0.0 |   702
           D:5 |       0 |     655 |   0.0 |       0 |      15 |   0.0 |  1201
           D:6 |       0 |     530 |   0.0 |       0 |      20 |   0.0 |   922
           D:7 |       0 |    1523 |   0.0 |       0 |      27 |   0.0 |  1427
           D:8 |       0 |    1135 |   0.0 |       0 |      33 |   0.0 |  1271
           D:9 |       0 |    2234 |   0.0 |       0 |      18 |   0.0 |  1101
          D:10 |       0 |    3722 |   0.0 |       0 |      45 |   0.0 |  1585
          D:11 |       0 |    3199 |   0.0 |       0 |      23 |   0.0 |  1332
        Lair:1 |       0 |    3698 |   0.0 |       0 |      19 |   0.0 |  2151
        Lair:2 |       0 |    2206 |   0.0 |       0 |      15 |   0.0 |   140
               +---------+---------+-------+---------+---------+-------+---------

Vault maps used:
D:1:      dpeg_arrival_renting
D:2:      marbit_many_paths, lemuel_crystal_altar, minivault_26,
          cheibrodos_gnoll_hut, uniq_sigmund, uniq_terence
D:3:      lemuel_crystal_altar, chequers_ecumenical_altar_twisty
D:4:      kennysheep_okawaru_gauntlet, first_bread, fedhas_altar_2
D:5:      minmay_temple_entry_hall
D:7:      uniq_pikel
D:8:      cheibrodos_frozen_isle, serial_shops, nicolae_shop_trees
D:9:      nicolae_overflow_crystal_walls, uniq_grum
D:10:     erik_orc_3, uniq_snorg
D:11:     dpeg_oklobed_lair, serial_shops, shop, uniq_harold
Temple:   eino_temple_scatter_basement
Lair:1:   serial_bayou_pond_b, uniq_sonja
Lair:2:   cheibrodos_lair_overgrown_chateau, st_stairs_6, lemuel_another_geyser

Table legend:
 A = Turns spent in this place as a percentage of turns spent in the entire game.
 B = Non-inter-level travel turns spent in this place as a percentage of non-inter-level travel turns spent in the entire game.
 C = Inter-level travel turns spent in this place as a percentage of turns spent in this place.
 D = Turns resting spent in this place as a percentage of non-inter-level travel turns spent in this place.
 E = Turns spent auto-exploring this place as a percentage of non-inter-level travel turns spent in this place.
 F = Non-inter-level travel turns spent in this place divided by the number of levels of this place that you've seen.
                   A       B       C       D       E      F
               +-------+-------+-------+-------+-------+----------------------
         Total | 100.0 | 100.0 |   3.5 |  39.5 |  39.8 | 1054.4
       Dungeon |  83.8 |  83.9 |   3.5 |  36.9 |  41.6 | 1125.6
        Temple |   1.2 |   1.1 |  10.5 |   0.0 |  90.7 | 162.0
          Lair |  15.0 |  15.0 |   3.2 |  56.8 |  26.2 | 1108.5
               +-------+-------+-------+-------+-------+----------------------

Table legend:
 A = Kills in this place as a percentage of kills in entire the game.
 B = Kills by you in this place as a percentage of kills by you in the entire game.
 C = Kills by friends in this place as a percentage of kills by friends in the entire game.
 D = Other kills in this place as a percentage of other kills in the entire game.
 E = Experience gained in this place as a percentage of experience gained in the entire game.
 F = Experience gained in this place divided by the number of levels of this place that you have seen.
                   A       B       C       D       E      F
               +-------+-------+-------+-------+-------+----------------------
         Total | 100.0 | 100.0 | 100.0 | 100.0 | 100.0 | 1400.8
       Dungeon |  88.0 |  95.8 |  75.9 | 100.0 |  69.9 | 1246.1
          Lair |  12.0 |   4.2 |  24.1 |   0.0 |  30.1 | 2952.0
               +-------+-------+-------+-------+-------+----------------------
